[Event "SM-blixten 2025"]
[Site "Uppsala, Sweden"]
[Date "2025.07.03"]
[Round "1.5"]
[White "Sjostrand, Joel"]
[Black "Olund, Joar"]
[Result "0-1"]
[TimeControl "3 min + 2 sec increment starting from move 1"]
[BlackTitle "FM"]
[WhiteElo "1977"]
[BlackElo "2369"]

1. c4 e5 2. g3 Nf6 3. Bg2 c6 4. d4 Bb4+ 5. Nc3 d6 6. dxe5 dxe5 7. Qxd8+ Kxd8 8. Bg5 Nbd7 9. Nf3 Re8 10. O-O Kc7 11. e3 h6 12. Bxf6 Nxf6 13. Rfd1 Bxc3 14. bxc3 Bf5 15.
Kf1 Nd7 16. Nd2 Nc5 17. e4 Be6 18. Nb3 Bxc4+ 19. Ke1 Nd3+ 20. Rxd3 Bxd3 21. Nc5 Bc4 22. f4 Rad8 0-1

[Event "SM-blixten 2025"]
[Site "Uppsala, Sweden"]
[Date "2025.07.03"]
[Round "3.1"]
[White "Tagesson, Bjorn"]
[Black "Galperin, Platon"]
[Result "0-1"]
[TimeControl "3 min + 2 sec increment starting from move 1"]
[BlackTitle "GM"]
[WhiteElo "2142"]
[BlackElo "2506"]

1. e4 g6 2. d4 d6 3. c4 Nf6 4. Nc3 Bg7 5. Nf3 O-O 6. Be2 Na6 7. O-O e5 8. Be3 Qe7 9. d5 Nc5 10.
Nd2 a5 11. b3 Nfd7 12. a3 f5 13. f3 Bf6 14. b4 axb4 15. axb4 Rxa1 16. Qxa1 Na6 17. Qb2 Bg5 18. Bf2 Nxb4 19. Qxb4 Bxd2 20. Qb2 Bg5 21.
Nb5 Nf6 22. Ra1 fxe4 23. Ra8 exf3 24. Bxf3 e4 25. Be2 e3 26. Bg3 Ne4 27. Be1 c6 28. dxc6 bxc6 29. Na3 Bf6 30. Qb6 Bc3 0-1

[Event "SM-blixten 2025"]
[Site "Uppsala, Sweden"]
[Date "2025.07.03"]
[Round "4.7"]
[White "Walinder, Lars"]
[Black "Angulo Salinas, Julio Osvaldo"]
[Result "0-1"]
[TimeControl "3 min + 2 sec increment starting from move 1"]
[WhiteTitle "FM"]
[WhiteElo "2181"]
[BlackElo "1994"]

1. c4 c6 2. Nf3 d5 3. e3 Nf6 4. Nc3 e6 5. b3 Nbd7 6. Bb2 Bd6 7. Qc2 b6 8.
Be2 Bb7 9. O-O O-O 10. d4 c5 11.
cxd5 Nxd5 12. Nxd5 Bxd5 13. Rac1 Rc8 14. Qb1 Nf6 15. dxc5 Bxc5 16. Rfd1 Qe7 17. Ne5 Be4 18. Bd3 Bxd3 19.
Rxd3 Rfd8 20. Rcd1 Rxd3 21. Rxd3 Nd5 22. Qd1 h6 23. h3 Qg5 24. Nf3 Qg6 25. Ne5 Qg5 26. Qf3 f6 27. Nd7 Nb4 28.
Nxc5 Rxc5 29. Rd8+ Kh7 30. Qa8 Qf5 31. Rh8+ Kg6 32. Qe8+ Kg5 33. Kh2 Nd3 34. Rg8 g6 35. g3 Qxf2+ 36. Kh1 Qf3+ 37. Kh2 Rc2+ 0-1

[Event "SM-blixten 2025"]
[Site "Uppsala, Sweden"]
[Date "2025.07.03"]
[Round "6.3"]
[White "Seo, Jung Min"]
[Black "Jonsson, Mikael"]
[Result "1/2-1/2"]
[TimeControl "3 min + 2 sec increment starting from move 1"]
[WhiteTitle "IM"]
[WhiteElo "2468"]
[BlackElo "2204"]

1. e4 e5 2. Nf3 Nc6 3.
Bb5 a6 4. Ba4 Nf6 5. O-O b5 6. Bb3 Bb7 7. d3 Bc5 8. c3 d6 9. Nbd2 O-O 10.
h3 Bb6 11. Re1 Ne7 12. Nf1 Ng6 13. Ng3 h6 14. Bc2 Re8 15. a4 d5 16. axb5 axb5 17. Rxa8 Qxa8 18. exd5 Bxd5 19. Ne4 Nxe4 20.
dxe4 Be6 21. Be3 Rd8 22. Qc1 Bxe3 23. Qxe3 Qa2 24. Qc1 f6 25. Kh2 Nf4 26.
Ng1 Bc4 27. Bb1 Qa6 28. g3 Nd3 29. Qd2 Rd6 30. Bxd3 Rxd3 31. Qc1 Qd6 32. Kg2 Rd2 33. Nf3 Rd3 34. Qc2 Be6 35. Qe2 Qd7 36. Rh1 Rd6 37. Qe3 c6 38.
Qe2 Qd8 39. Qe3 Qd7 40. Qe2 Qd8 1/2-1/2

[Event "SM-blixten 2025"]
[Site "Uppsala, Sweden"]
[Date "2025.07.03"]
[Round "7.9"]
[White "Angulo Salinas, Julio Osvaldo"]
[Black "Malm Lindberg, Henrik"]
[Result "0-1"]
[TimeControl "3 min + 2 sec increment starting from move 1"]
[WhiteElo "1994"]
[BlackElo "2113"]

1. e4 c5 2. Nf3 e6 3. c3 Nf6 4.
e5 Nd5 5. d4 cxd4 6. cxd4 b6 7. Nc3 Nxc3 8. bxc3 Qc7 9. Bd2 Bb7 10. Bd3 d6 11. O-O Nd7 12. Re1 dxe5 13. Nxe5 Nxe5 14. dxe5 O-O-O 15. Bg5 Be7 16.
Bxe7 Qxe7 17. Qe2 Kb8 18. Rad1 Rd7 19. Be4 Bxe4 20. Qxe4 Rhd8 21. Rxd7 Qxd7 22. Qxh7 Qd2 23. Rf1 Qxc3 24. Qxg7 Rd7 25. Qh8+ Kb7 26.
Qh5 Qc4 27. Qf3+ Ka6 28. Qa3+ Kb7 29. Rc1 Qe2 30. Qc3 0-1

[Event "SM-blixten 2025"]
[Site "Uppsala, Sweden"]
[Date "2025.07.03"]
[Round "9.5"]
[White "Nygren, Kim"]
[Black "Carlsson, Ludvig"]
[Result "1-0"]
[TimeControl "3 min + 2 sec increment starting from move 1"]
[WhiteTitle "CM"]
[BlackTitle "IM"]
[WhiteElo "2173"]
[BlackElo "2386"]

1. d4 a6 2. Nd2 d5 3. e4 c6 4. c3 h6 5. Bd3 dxe4 6. Nxe4 Nf6 7. Nxf6+ exf6 8. Ne2 Bd6 9. Qc2 b5 10. Be3 Be6 11.
Nf4 Bxf4 12. Bxf4 Nd7 13. O-O O-O 14. Rfe1 Re8 15. Re3 Nb6 16. Bxh6 gxh6 17. Rg3+ Kf8 18. Qd2 Qd6 19. Qxh6+ Ke7 20. Re1 Rh8 21. Bh7 Nd5 22.
Rg7 Kd7 23. g3 Kc7 24. b3 Nxc3 25. Qxf6 Nd5 26.
Qxe6 Qxe6 27. Rxe6 Kb6 28. Rxf7 Rae8 29. Rxe8 Rxe8 30. h4 Nc3 31. Rd7 b4 32. h5 Nxa2 33. Bg6 Re6 34. f4 Nc3 35.
f5 Re2 36. h6 Ne4 37. h7 Re1+ 38.
Kg2 Re2+ 39. Kf3 Re1 40. h8=Q Nd2+ 41.
Kf2 1-0

[Event "SM-blixten 2025"]
[Site "Uppsala, Sweden"]
[Date "2025.07.03"]
[Round "11.1"]
[White "Seo, Jung Min"]
[Black "Galperin, Platon"]
[Result "0-1"]
[TimeControl "3 min + 2 sec increment starting from move 1"]
[WhiteTitle "IM"]
[BlackTitle "GM"]
[WhiteElo "2468"]
[BlackElo "2506"]

1. Nf3 d5 2. g3 c5 3. Bg2 Nc6 4. d4 e6 5. O-O cxd4 6. Nxd4 Nge7 7. Nxc6 Nxc6 8. c4 d4 9. e3 Bc5 10.
exd4 Bxd4 11. Nd2 e5 12. Nb3 O-O 13. Nxd4 exd4 14. b3 Bf5 15. Bb2 d3 16. Qd2 Qd7 17. Rfe1 Rfe8 18. Qc3 f6 19.
Bd5+ Kh8 20. Qd2 Ne7 21. Bg2 Nc6 22. b4 Rac8 23. b5 Ne7 24. Rac1 Ng6 25. Bd5 Ne7 26. Be4 Bxe4 27. Rxe4 Nf5 28. Rxe8+ Rxe8 29. Rd1 Rd8 30.
Qf4 h6 31. a4 b6 32. Qf3 Nd4 33. Qe4 f5 34. Qe3 f4 35.
Qe4 f3 36. Bxd4 Qxd4 37. Qxf3 Qxc4 38. Qc6 Qxa4 39. Rd2 Qa1+ 40. Kg2 Qe1 41. Qc3 Qe4+ 42. Kg1 Qd5 43. Qb4 Rc8 44. Rd1 Rc5 45. Rb1 d2 46. Rd1 Rc1 0-1

[Event "SM-blixten 2025"]
[Site "Uppsala, Sweden"]
[Date "2025.07.03"]
[Round "1.6"]
[White "Malmstig, Erik"]
[Black "Myrberg, Rickard"]
[Result "1-0"]
[TimeControl "3 min + 2 sec increment starting from move 1"]
[WhiteTitle "FM"]
[WhiteElo "2231"]
[BlackElo "1825"]

1. d4 Nf6 2. Bg5 h6 3. Bxf6 exf6 4. e4 g6 5. Bd3 Bg7 6. Nc3 O-O 7. Nf3 d6 8. Qd2 b6 9. O-O-O c5 10.
Kb1 a6 11. h4 h5 12. Nd5 b5 13. c4 bxc4 14. Bxc4 Be6 15. Qf4 Nc6 16. dxc5 Ne5 17. Nxe5 fxe5 18. Qe3 Qa5 19. Ne7+ Kh7 20. Bxe6 fxe6 21.
Rxd6 Bh6 22. Qg3 Rf6 23. Rd7 Bg7 24. c6 Qa4 25. Qd3 Rxf2 26. Rc1 1-0

[Event "SM-blixten 2025"]
[Site "Uppsala, Sweden"]
[Date "2025.07.03"]
[Round "3.2"]
[White "Seo, Jung Min"]
[Black "Muntean, Victor"]
[Result "1/2-1/2"]
[TimeControl "3 min + 2 sec increment starting from move 1"]
[WhiteTitle "IM"]
[WhiteElo "2468"]
[BlackElo "2140"]

1. e4 e5 2. Nf3 Nc6 3. Nc3 Nf6 4. Bb5 Bd6 5. O-O O-O 6. d3 a6 7. Bxc6 dxc6 8. Ne2 h6 9. Ng3 Re8 10. h3 Bf8 11.
a4 c5 12. b3 g6 13. Bb2 Qd6 14. Nd2 Be6 15. Nc4 Bxc4 16. bxc4 c6 17. a5 Rad8 18. Qf3 Nh7 19. h4 Be7 20.
h5 Ng5 21. Qg4 Bf6 22. Bc1 Qe6 23. Qe2 Kg7 24. Rb1 Rd7 25. Be3 Qd6 26. Rb2 Ne6 27. Rfb1 Rb8 28. Qg4 Bg5 29. Nf1 Bxe3 30.
Nxe3 Kh7 31. g3 Nd4 32. Kg2 Qe6 33. Qxe6 Nxe6 34. Ng4 Kg7 35. Nxe5 Rc7 36. hxg6 fxg6 37. f4 Nd4 38. Nf3 Ne6 39.
Rh1 Re8 40. Rbb1 Rd7 41. Rbf1 Nd4 42. Nxd4 cxd4 43. g4 Rf7 44. Kg3 Ref8 45. Rf2 Re7 46. Rb1 Rff7 47. Rb4 Re6 48. c5 Rd7 49. Rf1 g5 50. f5 Re5 51.
Rc4 Kf6 52. Rb1 Rde7 53. Rb2 Rd7 54.
Kf3 Kg7 55. Rbb4 Kf6 56. Rxd4 Rxd4 57. Rxd4 Rxc5 58. c4 Rxa5 59.
Rd6+ Kg7 60. Rd7+ Kf6 61. Rxb7 Ra3 62. Ke3 Ra1 63. Rb6 a5 64. Rxc6+ Kg7 65. e5 a4 66. Rc7+ Kf8 67. Kd4 a3 68. Ra7 h5 69. gxh5 g4 70. h6 g3 71. h7 Rh1 72. Ra8+ Kg7 73. h8=Q+ Rxh8 74. f6+ Kf7 75. Rxh8 g2 76.
Rh7+ Ke6 77. Rg7 a2 78. Rxg2 a1=Q+ 79. Ke3 Qxe5+ 80. Kf3 Qxf6+ 81. Ke3 Qe5+ 1/2-1/2

[Event "SM-blixten 2025"]
[Site "Uppsala, Sweden"]
[Date "2025.07.03"]
[Round "4.8"]
[White "Ask, Josef"]
[Black "Gruvaeus, Curt"]
[Result "1-0"]
[TimeControl "3 min + 2 sec increment starting from move 1"]
[WhiteTitle "FM"]
[BlackTitle "FM"]
[WhiteElo "2130"]
[BlackElo "2156"]

1. b3 g6 2. Bb2 Nf6 3. Bxf6 exf6 4. c4 Bg7 5. Nc3 f5 6.
Rc1 O-O 7. g3 c6 8. Nh3 d5 9.
cxd5 cxd5 10. d4 Nc6 11. e3 Re8 12. Be2 g5 13. O-O f4 14.
Bg4 f5 15. Bh5 fxe3 16. Bxe8 Qxe8 17. fxe3 Qxe3+ 18. Nf2 Nxd4 19. Kg2 Qe6 20. Re1 Qd6 21. Qh5 h6 22. Re8+ Kh7 23. Rce1 f4 24. Qf7 fxg3 25. hxg3 Nf5 26. Qg8+ Kg6 1-0

[Event "SM-blixten 2025"]
[Site "Uppsala, Sweden"]
[Date "2025.07.03"]
[Round "6.4"]
[White "Muntean, Victor"]
[Black "Nilsson, Joakim"]
[Result "0-1"]
[TimeControl "3 min + 2 sec increment starting from move 1"]
[BlackTitle "FM"]
[WhiteElo "2140"]
[BlackElo "2208"]

1. e4 d6 2. d4 Nf6 3. f3 c6 4. g4 Nfd7 5. c4 e5 6. d5 a5 7. Be3 Nc5 8. Nc3 Be7 9. Qd2 Bh4+ 10. Bf2 Bg5 11. Be3 Bh4+ 12. Bf2 Nba6 13. O-O-O Nb4 14. a3 Nb3+ 15. Kb1 Nxd2+ 16. Rxd2 Bxf2 17.
Rxf2 Na6 18. Rd2 Nc5 19. h4 h5 20. g5 O-O 21. Nge2 f6 22. Ng3 fxg5 23. Nxh5 gxh4 24. Rg2 Rf7 25.
Rhg1 Qf8 26. Nd1 h3 27. Rg3 h2 28. Rh1 Rxf3 29. Rxg7+ Qxg7 30. Nxg7 Kxg7 31. Bg2 Rg3 32. Rxh2 Bg4 33. Nf2 Rh8 0-1

[Event "SM-blixten 2025"]
[Site "Uppsala, Sweden"]
[Date "2025.07.03"]
[Round "7.10"]
[White "Olund, Joar"]
[Black "Muntean, Victor"]
[Result "1-0"]
[TimeControl "3 min + 2 sec increment starting from move 1"]
[WhiteTitle "FM"]
[WhiteElo "2369"]
[BlackElo "2140"]

1. d4 Nf6 2. Bg5 g6 3. Bxf6 exf6 4.
c4 d5 5. cxd5 Qxd5 6. Nc3 Qa5 7. a3 f5 8. e3 c6 9. g3 Bg7 10. Bg2 O-O 11. b4 Qd8 12. Nge2 Be6 13.
Qd3 Nd7 14. Nf4 Qe7 15. O-O Nb6 16. Nxe6 Qxe6 17. Rab1 Qc4 18. Rfd1 Rad8 19. a4 Qxd3 20. Rxd3 Rfe8 21. a5 Nc4 22. Na4 Bf8 23. Rc1 Ne5 24.
Rb3 Nd7 25. b5 cxb5 26. Rxb5 b6 27. Rc7 a6 28. Rxb6 Nxb6 29. axb6 Rb8 30. b7 Re7 31.
Rc8 Rexb7 32. Bxb7 Rxb7 33. Ra8 Rb1+ 34. Kg2 a5 35. Rxa5 Ra1 36. Ra6 Ra3 37. Ra8 Kg7 38. Nb6 Rb3 39. Nc4 Rc3 40. Ne5 Bd6 41. Nf3 Rc2 42. Ra1 Bb4 43. Rd1 Bd6 44. Rd2 Rc3 45. Kf1 Kf6 46.
h4 h6 47. Ke2 Rc1 48. Ra2 Bb4 49. Rb2 Ba3 50. Rb3 Rc2+ 51.
Kd3 Rxf2 52. Ne5 Bd6 53. Rb6 Ke6 54. Nc4 Ke7 55. Rxd6 Rf3 56. Ra6 Rxg3 57. d5 f4 58. Ra7+ Kf6 59. d6 1-0

[Event "SM-blixten 2025"]
[Site "Uppsala, Sweden"]
[Date "2025.07.03"]
[Round "9.6"]
[White "Malmstig, Erik"]
[Black "Angulo Salinas, Julio Osvaldo"]
[Result "1-0"]
[TimeControl "3 min + 2 sec increment starting from move 1"]
[WhiteTitle "FM"]
[WhiteElo "2231"]
[BlackElo "1994"]

1. d4 d5 2. c4 dxc4 3. Nc3 a6 4. a4 Nc6 5. e3 e5 6.
Nf3 exd4 7. exd4 Bg4 8. Be3 Na5 9. h3 Bh5 10. Be2 Nf6 11. Ne5 Bxe2 12. Qxe2 Be7 13. Nxc4 Nxc4 14. Qxc4 O-O 15. O-O h6 16. d5 Bd6 17.
Rad1 Qe7 18. Rfe1 Qe5 19. f4 Qh5 20. Bd4 Nd7 21. Qf1 Rae8 22. Ne4 Bb4 23. Re2 Qf5 24. Ng3 Qxd5 25. Bxg7 Qc5+ 26.
Bd4 Qc6 27. Nf5 Qg6 28. Rxe8 Rxe8 29. Qd3 Nf8 30. g4 c5 31. Be5 Ne6 32. Qd7 Rf8 33. Ne7+ 1-0

[Event "SM-blixten 2025"]
[Site "Uppsala, Sweden"]
[Date "2025.07.03"]
[Round "11.2"]
[White "Olund, Joar"]
[Black "Malmstig, Erik"]
[Result "1-0"]
[TimeControl "3 min + 2 sec increment starting from move 1"]
[WhiteTitle "FM"]
[BlackTitle "FM"]
[WhiteElo "2369"]
[BlackElo "2231"]

1. d4 Nf6 2. Bg5 e6 3. Nd2 d5 4.
e3 c5 5.
c3 Nc6 6. Ngf3 Be7 7. Bd3 h6 8. Bh4 O-O 9. O-O Rb8 10. Qe2 a6 11. Ne5 Nxe5 12. dxe5 Nd7 13. Bg3 b5 14. f4 Nb6 15.
Rad1 Qe8 16. h4 Nc4 17. Nf3 Bd7 18. Bb1 Rd8 19. h5 f5 20. exf6 Bxf6 21. Nh2 Nd6 22. Bg6 Qe7 23. Ng4 Bc6 24.
Ne5 Bb7 25. Qg4 a5 26. Bc2 Bxe5 27. fxe5 Nf5 28. Qg6 Bc8 29. Bf4 Qf7 30. Qxf7+ Rxf7 31. g4 Ne7 32. Bg3 Rdf8 33. Rxf7 Rxf7 34.
Rf1 Rxf1+ 35. Kxf1 Kf7 36. Ke2 Bb7 37. Kd2 Bc6 38. Bd3 g6 39. Bf4 g5 40. Bg3 Bd7 41. e4 Bc6 42. exd5 Nxd5 43. Bg6+ Ke7 44. Bf2 c4 45. Bc5+ Kd7 46. Bf8 Nf4 47. Bxh6 Nh3 48. Ke3 Ke7 49.
Bg7 b4 50. h6 Nf4 51. Bf6+ Kf8 52.
Be4 Bxe4 53. Kxe4 Kf7 54. h7 Ng6 55. h8=Q 1-0

[Event "SM-blixten 2025"]
[Site "Uppsala, Sweden"]
[Date "2025.07.03"]
[Round "1.7"]
[White "Akoral, Sinan"]
[Black "Sandberg, Lucas"]
[Result "0-1"]
[TimeControl "3 min + 2 sec increment starting from move 1"]
[WhiteElo "1776"]
[BlackElo "2274"]

1. d4 Nf6 2. Bf4 c5 3. e3 cxd4 4. exd4 Qb6 5. Nc3 a6 6. Rb1 d5 7. Nf3 Bg4 8. Bd3 Nc6 9. O-O Nxd4 10. Be2 Nxe2+ 11. Qxe2 e6 12. h3 Bxf3 13. Qxf3 Be7 14.
Rfd1 O-O 15. Be3 Qc6 16. a3 b5 17. Bd4 Rac8 18. Rbc1 Rfd8 19. Ne2 Ne4 20. c3 f6 21. Be3 e5 22.
Qg4 Bc5 23. Bh6 Qd7 24. Qxd7 Rxd7 25. Bd2 Nxf2 26. Kf1 Nxd1 0-1

[Event "SM-blixten 2025"]
[Site "Uppsala, Sweden"]
[Date "2025.07.03"]
[Round "3.3"]
[White "Grahn, Vidar"]
[Black "Carlsson, Ludvig"]
[Result "0-1"]
[TimeControl "3 min + 2 sec increment starting from move 1"]
[WhiteTitle "FM"]
[BlackTitle "IM"]
[WhiteElo "2239"]
[BlackElo "2386"]

1. d4 Nf6 2. c4 c5 3. d5 d6 4.
Nf3 g6 5. g3 Bg7 6. Bg2 b5 7. cxb5 a6 8. bxa6 O-O 9. Nc3 Nbd7 10. O-O Nb6 11. Qc2 Bf5 12. e4 Bc8 13. Re1 Nfd7 14. Bf4 Nc4 15. b3 Nce5 16.
Nxe5 Nxe5 17. a4 Bxa6 18. Bxe5 Bxe5 19. Rab1 Qa5 20. Rec1 Rfb8 21. Bf1 Bxf1 22. Kxf1 Bxc3 23. Qxc3 Qxc3 24.
Rxc3 Rxa4 25. bxa4 Rxb1+ 26. Kg2 Ra1 27. Rc4 Ra3 28. f4 f5 29. e5 Kf7 30. h4 Rd3 31. exd6 exd6 32. Rc2 Ra3 33.
Rc4 Kg7 34. Kh3 Kh6 35. Rc2 Rxa4 36. Rd2 Kh5 37. Rd1 h6 38. Rd2 Rd4 39. Re2 Rxd5 40. Re6 c4 41. Re7 Rd3 42. Rc7 c3 43.
Rc6 d5 44. Rc5 d4 45. Rd5 c2 46.
Rc5 Rc3 47. Rd5 c1=Q 0-1

[Event "SM-blixten 2025"]
[Site "Uppsala, Sweden"]
[Date "2025.07.03"]
[Round "4.9"]
[White "Engstrom, Kaj"]
[Black "Odell Johansson, Leo"]
[Result "0-1"]
[TimeControl "3 min + 2 sec increment starting from move 1"]
[WhiteElo "2156"]
[BlackElo "1991"]

1. e4 c5 2. Nf3 Nc6 3. d4 cxd4 4. Nxd4 e5 5. Nf3 Nf6 6. Nbd2 d5 7. Bb5 dxe4 8.
Nxe5 Bd7 9. Nxd7 Qxd7 10. O-O Bd6 11. Qe2 O-O 12. Nxe4 Nxe4 13. Qxe4 Rfe8 14. Bxc6 bxc6 15. Qd3 Qc7 16.
g3 Rad8 17. Qf3 Rb8 18. b3 Be5 19. Rb1 c5 20. Be3 Qa5 21. Bf4 Qxa2 22. Bxe5 Rxe5 23. Ra1 Qxc2 24. Rxa7 Rf5 25. Ra8 Rf8 26. Rxf8+ Kxf8 27.
Qa8+ Ke7 28. Re1+ Kf6 29. Qc6+ Kg5 30. h4+ Kh5 31. Qg2 Kg6 32. Re3 f6 33. g4 Rf4 34.
Qg3 Qd1+ 35. Kh2 Rxg4 36. h5+ Kh6 37. Qh3 Qg1# 0-1

[Event "SM-blixten 2025"]
[Site "Uppsala, Sweden"]
[Date "2025.07.03"]
[Round "6.5"]
[White "Agrest, Simon"]
[Black "Pantzar, Milton"]
[Result "0-1"]
[TimeControl "3 min + 2 sec increment starting from move 1"]
[BlackTitle "IM"]
[WhiteElo "2006"]
[BlackElo "2444"]

1. e4 c6 2. d4 d5 3. e5 Bf5 4. Be2 e6 5. Nf3 Ne7 6. Nh4 Be4 7. O-O c5 8. c3 Nbc6 9. Be3 Nf5 10. Nxf5 Bxf5 11. g4 Bg6 12.
f4 cxd4 13. cxd4 Bxb1 14. Rxb1 Be7 15. f5 Bg5 16. Bf2 Bh4 17. Qd2 Bxf2+ 18. Rxf2 Qb6 19. Rd1 O-O-O 20. a3 Kb8 21. b4 exf5 22.
Rxf5 Ka8 23. Rxf7 Nxe5 24. Rxg7 h5 25. g5 h4 26. Qf4 Nc6 27. b5 Na5 28. Bf3 Rdf8 29. Qg4 Qxb5 30. g6 Qb3 31.
Rf1 Qe3+ 32. Kg2 h3+ 33. Kh1 Qd3 34. Qg3 0-1

[Event "SM-blixten 2025"]
[Site "Uppsala, Sweden"]
[Date "2025.07.03"]
[Round "8.1"]
[White "Galperin, Platon"]
[Black "Jonsson, Mikael"]
[Result "1-0"]
[TimeControl "3 min + 2 sec increment starting from move 1"]
[WhiteTitle "GM"]
[WhiteElo "2506"]
[BlackElo "2204"]

1. Nf3 d5 2. e3 Nd7 3. c4 e6 4. Nc3 Ngf6 5. b3 c6 6. d4 Bd6 7. Bb2 O-O 8. g3 Qe7 9. Bg2 dxc4 10.
bxc4 e5 11. O-O Re8 12. Qc2 Ba3 13. dxe5 Ng4 14. e6 fxe6 15. Ng5 Ndf6 16. Bxa3 Qxa3 17. Rab1 Qc5 18. Nce4 Nxe4 19. Nxe4 Qh5 20.
h3 Ne5 21. Nd6 Re7 22. g4 Qh4 23. Rfd1 h5 24. g5 Nf7 25. g6 Nxd6 26. Rxd6 Re8 27. c5 e5 28. Qb3+ Kh8 29. e4 1-0

[Event "SM-blixten 2025"]
[Site "Uppsala, Sweden"]
[Date "2025.07.03"]
[Round "9.7"]
[White "Bjorkman, Filip"]
[Black "Wernberg, Hugo"]
[Result "1-0"]
[TimeControl "3 min + 2 sec increment starting from move 1"]
[BlackTitle "FM"]
[WhiteElo "2116"]
[BlackElo "2247"]

1. e4 c5 2. Nf3 d6 3. d4 cxd4 4. Nxd4 Nf6 5. Nc3 a6 6. f3 e5 7. Nb3 Be6 8. Be3 h5 9. Nd5 Nbd7 10. Qd2 Bxd5 11. exd5 Be7 12. Rc1 Rc8 13. c4 e4 14. Be2 Ne5 15.
f4 Neg4 16. Bd4 Nh6 17. O-O Nf5 18.
Bc3 Qb6+ 19. Nd4 Ng4 20. Kh1 Nge3 21. Nxf5 Nxf5 22. b4 h4 23. Bg4 Ne3 24. Bxc8 O-O 25. Bh3 Nxf1 26. Rxf1 Qc7 27. Rc1 f5 28. Bd4 Qd8 29.
Qc3 g5 30. fxg5 Bxg5 31. Rf1 Qe8 32.
Be3 f4 33. Be6+ Kh7 34. Bd4 Qg6 35. Qh3 e3 36. Qg4 f3 37. gxf3 e2 38. Re1 Qd3 39. Bf2 Bd2 40. Qxh4+ Bh6 41.
Bg4 Kg7 42. Qe7+ Rf7 43. Qxd6 Bf4 44. Qe6 Qxc4 45. Qe4 Qc3 46.
Be6 Rf6 47. d6 Bd2 48. d7 Qc7 49. Qg4+ Rg6 50. Bd4+ Kh7 51. Qh5+ Rh6 52. Qf7# 1-0

[Event "SM-blixten 2025"]
[Site "Uppsala, Sweden"]
[Date "2025.07.03"]
[Round "11.3"]
[White "Grahn, Vidar"]
[Black "Crevatin, Leo"]
[Result "1-0"]
[TimeControl "3 min + 2 sec increment starting from move 1"]
[WhiteTitle "FM"]
[BlackTitle "FM"]
[WhiteElo "2239"]
[BlackElo "2248"]

1. e4 c6 2. Nf3 d5 3. d3 g6 4. e5 f6 5. d4 fxe5 6. Nxe5 Bg7 7. Be2 Nh6 8. O-O O-O 9. c4 Nf7 10. Nf3 Be6 11. cxd5 cxd5 12. Nc3 Nc6 13. Be3 Bg4 14. h3 Bxf3 15. Bxf3 e5 16. dxe5 d4 17.
Bxc6 dxe3 18. Bd5 exf2+ 19. Rxf2 Qb6 20. e6 Ng5 21. e7+ Kh8 22. exf8=Q+ Rxf8 23. Bf3 Rxf3 24. gxf3 Nxh3+ 25. Kg2 Qxf2+ 26. Kxh3 Bf6 27. Ne4 Qxb2 28.
Nxf6 Qxf6 29. Rc1 Qf5+ 30. Kg2 Qg5+ 31. Kf1 Qd2 32.
Qxd2 1-0

[Event "SM-blixten 2025"]
[Site "Uppsala, Sweden"]
[Date "2025.07.03"]
[Round "1.8"]
[White "Religa, Marek"]
[Black "Kosmidis, Thomas"]
[Result "1-0"]
[TimeControl "3 min + 2 sec increment starting from move 1"]
[WhiteElo "2227"]
[BlackElo "1820"]

1. e4 c6 2. c4 d5 3. cxd5 cxd5 4. exd5 Nf6 5.
Nc3 Nxd5 6. Nf3 Nxc3 7. bxc3 Nc6 8.
d4 Bg4 9. Bc4 e6 10. Qb3 Bxf3 11.
gxf3 Qf6 12. Qxb7 Rd8 13. Qxc6+ Rd7 14. Bb5 Qe7 15. Ba3 Qd8 16. Qxd7+ Qxd7 17.
Bxd7+ Kxd7 18. Bxf8 Rxf8 19.
Rb1 Rc8 20. Kd2 Ke7 21. Rb7+ Kf6 22. Rhb1 Rc6 23. Rxa7 g6 24.
Rbb7 Kg5 25. Rxf7 h5 26. a4 Rb6 27. a5 Rb2+ 28. Ke3 Rb3 29. Kd3 Rb2 30. a6 Rxf2 31. Rac7 Ra2 32. a7 Kh6 33. h4 g5 34. Rf6# 1-0

[Event "SM-blixten 2025"]
[Site "Uppsala, Sweden"]
[Date "2025.07.03"]
[Round "3.4"]
[White "Pantzar, Milton"]
[Black "Karlsson, Stefan 2005"]
[Result "0-1"]
[TimeControl "3 min + 2 sec increment starting from move 1"]
[WhiteTitle "IM"]
[WhiteElo "2444"]
[BlackElo "2127"]

1. d4 d5 2. c4 c5 3. e3 cxd4 4. exd4 Nf6 5. Nc3 Nc6 6. Nf3 a6 7. h3 e6 8. c5 b6 9. b4 Ne4 10. Na4 bxc5 11. dxc5 Nxb4 12.
Be2 Nxc5 13. O-O Nxa4 14. Qxa4+ Bd7 15. Qd1 Be7 16. Bb2 Bf6 17. Bxf6 Qxf6 18. Rb1 Nxa2 19. Rb7 Nc3 20. Qd2 Nxe2+ 21. Qxe2 Bb5 22. Rxb5 axb5 23. Qxb5+ Kf8 24. Qb7 Re8 25.
Rc1 g6 26. Rc7 Kg7 27. h4 Rb8 28. Qa7 Ra8 29. Qe3 Rhc8 30. Rd7 Ra1+ 31. Kh2 h6 32. Kg3 Rc3 33. Qd2 Qe5+ 34. Qf4 Qxf4+ 35. Kxf4 Kf6 36. g4 Ra4+ 37. Kg3 Raa3 38. g5+ hxg5 39. hxg5+ Kg7 0-1

[Event "SM-blixten 2025"]
[Site "Uppsala, Sweden"]
[Date "2025.07.03"]
[Round "4.10"]
[White "Ljungros, Lo"]
[Black "Seo, Jung Min"]
[Result "0-1"]
[TimeControl "3 min + 2 sec increment starting from move 1"]
[BlackTitle "IM"]
[WhiteElo "2074"]
[BlackElo "2468"]

1. Nf3 Nf6 2. d4 b6 3. c4 e6 4. Nc3 Bb4 5. Qc2 Bb7 6. Bg5 h6 7. Bxf6 Qxf6 8. e4 Bxc3+ 9. bxc3 O-O 10.
Bd3 d6 11. O-O Nc6 12. Rae1 e5 13.
d5 Ne7 14. Nd2 Ng6 15. g3 Bc8 16. f3 Qg5 17. Rf2 Bd7 18. Nf1 f5 19. exf5 Bxf5 20. Bxf5 Rxf5 21. Ne3 Rff8 22. Ng2 Rf7 23.
Ref1 Raf8 24. Qe4 Qf6 25. Qe3 Re7 26. Qd2 Qf5 27. f4 Ref7 28. fxe5 Qxe5 29. Rxf7 Rxf7 30. Re1 Qf5 31. Qe2 Ne5 32. Nf4 g5 33. Ne6 Nf3+ 34. Kh1 Nxe1 35.
Qxe1 Qf1+ 36. Qxf1 Rxf1+ 37. Kg2 Rc1 38. Nxc7 Rxc3 39. Nb5 Rxc4 40. Nxa7 Rc5 41. Nc6 Kf8 42.
Nd8 Rxd5 43. Nb7 Rd3 44. a4 g4 45. Kf2 d5 46. Ke2 Ra3 47. Nd8 Rxa4 48. Ne6+ Kg8 49. Nc7 d4 50. Kd3 Ra2 51. Kxd4 Rxh2 52. Ke4 Rf2 53. Nd5 Rf3 54. Nxb6 Rxg3 55.
Kf4 Rg1 56. Nd5 Kf7 57. Ne3 h5 58.
Kg5 Rh1 59. Nf5 Rh3 60. Kf4 Kf6 61. Nd4 Rd3 62. Ne2 Rf3+ 63. Ke4 Kg5 64. Ng1 Rf8 65. Ke3 h4 66. Ne2 g3 67. Nd4 Kg4 68. Ke2 h3 0-1

[Event "SM-blixten 2025"]
[Site "Uppsala, Sweden"]
[Date "2025.07.03"]
[Round "6.6"]
[White "Wernberg, Hugo"]
[Black "Grahn, Vidar"]
[Result "0-1"]
[TimeControl "3 min + 2 sec increment starting from move 1"]
[WhiteTitle "FM"]
[BlackTitle "FM"]
[WhiteElo "2247"]
[BlackElo "2239"]

1. Nc3 g6 2. d4 d5 3. Bf4 Nf6 4. h4 h5 5. e3 Bg7 6. Nf3 O-O 7. Ne5 c5 8. dxc5 Qa5 9. Be2 Qxc5 10.
g4 hxg4 11. Nxg4 Nxg4 12. Bxg4 Bxc3+ 13. bxc3 Qxc3+ 14. Kf1 Bxg4 15. Qxg4 Qxa1+ 16. Kg2 Qg7 17. Kf1 e5 18. Bg5 f6 19. h5 fxg5 20. hxg6 Qxg6 21.
Rh5 Rf5 22. Qh3 Kg7 23. Rh8 Rf8 24. Rxf8 Kxf8 25. Qc8+ Qe8 26. Qf5+ Qf7 27. Qc8+ Kg7 28. f4 exf4 29. exf4 Qxf4+ 30. Kg1 Qd4+ 31. Kg2 Qe4+ 32. Kg3 Qf4+ 33.
Kg2 Qf7 34. Qc3+ Kg6 35. Qc8 Nc6 36.
Qxa8 Ne5 37. Qd8 Qf3+ 38. Kg1 Qd1+ 39. Kg2 Qxc2+ 40. Kh1 Qe4+ 41. Kg1 Nf3+ 42. Kf2 Ne5 43. Qg8+ Kf5 44. Qh7+ Kg4 45. Kf1 Qxh7 0-1

[Event "SM-blixten 2025"]
[Site "Uppsala, Sweden"]
[Date "2025.07.03"]
[Round "8.2"]
[White "Seo, Jung Min"]
[Black "Malmstig, Erik"]
[Result "1-0"]
[TimeControl "3 min + 2 sec increment starting from move 1"]
[WhiteTitle "IM"]
[BlackTitle "FM"]
[WhiteElo "2468"]
[BlackElo "2231"]

1. c4 e5 2. Nc3 d6 3.
g3 c6 4.
Bg2 f5 5. b4 Nf6 6. b5 Be7 7.
d3 O-O 8. Nf3 Qc7 9. O-O h6 10. a4 a5 11. d4 e4 12. Nh4 Ng4 13. Ng6 Rf6 14. Nxe7+ Qxe7 15. h3 Nxf2 16. Rxf2 Be6 17.
d5 Bf7 18. bxc6 bxc6 19. Be3 c5 20. g4 fxg4 21. Rxf6 Qxf6 22. Nxe4 Qg6 23. hxg4 Nd7 24. Qf1 Re8 25. Qf5 Nb6 26.
Bf4 Nxc4 27. Qxg6 Bxg6 28. Nxd6 Nxd6 29. Bxd6 c4 30. Rc1 Rxe2 31. Rxc4 Rd2 32. Bc7 Bf7 33. Rc5 Rd4 34. d6 Be6 35.
Rxa5 Rxg4 36. Kf2 Rd4 37. Re5 1-0